 Dungeon Crawl Stone Soup version 0.31-a0-360-gb3e1d13bf4 (webtiles) character file.

Game seed: 13615719670432455736

107 Hubris850 the Digger (level 4, -4/33 HPs)
             Began as a Draconian Earth Elementalist on July 26, 2023.
             Slain by Grinder (8 damage)
             ... on level 3 of the Dungeon.
             The game lasted 00:05:41 (1743 turns).

Hubris850 the Digger (Draconian Earth Elementalist) Turns: 1743, Time: 00:05:42

Health: -4/33      AC:  5    Str: 16    XL:     4   Next: 57%
Magic:  7/8        EV: 12    Int: 17    God:
Gold:   79         SH:  0    Dex: 12    Spells: 7/8 levels left

rFire   . . .        m - +0 quarterstaff
rCold   . . .        (shield currently unavailable)
rNeg    . . .        (body armour unavailable)
rPois   .            (helmet restricted)
rElec   .            (no cloak)
rCorr   .            (no gloves)
SInv    .            (no boots)
Will    .....        (no amulet)
Stlth   ++           l - +6 ring of strength
HPRegen 0.25/turn    (no ring)
MPRegen 0.11/turn

%: no passive effects
@: mighty, lethally poisoned (-4 -> -8)
A: AC +5, unfitting armour, cold-blooded
a: no special abilities


You were on level 3 of the Dungeon.
You visited 1 branch of the dungeon, and saw 3 of its levels.

You collected 79 gold pieces.

Inventory:

Hand Weapons
 b - a +0 short sword
 m - a +0 quarterstaff (weapon)
Jewellery
 l - a +6 ring of strength (left hand)
Talismans
 j - a beast talisman
Wands
 i - a wand of charming (7)
Scrolls
 c - a scroll of identify {unknown}
 d - a scroll of amnesia {unknown}
 e - a scroll of teleportation {unknown}
 k - a scroll of enchant weapon {unknown}
Potions
 g - a potion of lignification {unknown}
 h - a potion of invisibility {unknown}


   Skills:
 + Level 0.5 Staves
 + Level 2.5 Dodging
 - Level 2.0 Stealth
 + Level 2.7 Spellcasting
 + Level 2.2 Transmutations
 + Level 3.6 Earth Magic


You had 7 spell levels left.
You knew the following spells:

 Your Spells              Type           Power      Damage    Failure   Level
a - Sandblast             Erth           28%        2d8       4%          1

Your spell library contained the following spells:

 Spells                   Type           Power      Damage    Failure   Level
 Passwall                 Tmut/Erth      10%        N/A       9%          2
 Stone Arrow              Conj/Erth      16%        3d8       26%         3
 Petrify                  Tmut/Erth      12%        N/A       47%         4


Dungeon Overview and Level Annotations

Branches:
Dungeon (3/15)

Altars:

Annotations:
D:3 Grinder


Innate Abilities, Weirdness & Mutations

Your plain brown scales are hard. (AC +5)
You cannot fit into any form of body armour.
You are cold-blooded and may be slowed by cold attacks.


Message History

The jackal is severely wounded.
The jackal bites you but does no damage.
The blast of sand misses Grinder.
The blast of sand hits the adder!
The adder is severely wounded.
Grinder hits you!
You writhe in agony.
You are too injured to fight recklessly!
Casting: Sandblast (safe; 4% risk of failure)
Confirm with . or Enter, or press ? or * to list all spells.
Aiming: Sandblast (safe; 4% risk of failure)
Press: ? - help, Shift-Dir - straight line, f/p - Grinder
Aim: Grinder (80% to hit)
The blast of sand hits Grinder.
Grinder is lightly wounded.
Grinder misses you.
Casting: Sandblast (safe; 4% risk of failure)
Confirm with . or Enter, or press ? or * to list all spells.
Aiming: Sandblast (safe; 4% risk of failure)
Press: ? - help, Shift-Dir - straight line, f/p - Grinder
Aim: Grinder (lightly wounded, 80% to hit)
The blast of sand hits Grinder.
Grinder is moderately wounded.
Grinder hits you.
You writhe in agony.
Grinder blinks!
Magic courses through your body.
Casting: Sandblast (safe; 4% risk of failure)
Confirm with . or Enter, or press ? or * to list all spells.
Aiming: Sandblast (safe; 4% risk of failure)
Press: ? - help, Shift-Dir - straight line, f/p - Grinder
Aim: Grinder (moderately wounded, 80% to hit)
The blast of sand hits Grinder!
Grinder is heavily wounded.
The adder bites you. x2
* * * LOW HITPOINT WARNING * * *
You are poisoned.
The adder poisons you! Grinder hits you.
* * * LOW HITPOINT WARNING * * *
It was a potion of might.
You feel very mighty all of a sudden.
* * * LOW HITPOINT WARNING * * *
You feel sick. The adder misses you. Grinder hits you!
You die...

..........#
..........#
######..###
#..# ##.##
#..## #gh.####
#S#..(.#######
#@####........
#5#...........
#.#.##########
..#.# ###.#
#.# #.# ###.#
#<#.#


You could see Grinder, an adder, a jackal and a hobgoblin.

Vanquished Creatures
  A hound (D:3)
  2 adders (D:2)
  4 dart slugs
  6 ball pythons
  2 bats
  4 endoplasms
  3 giant cockroaches (D:2)
  7 goblins
  4 hobgoblins (D:1)
  3 jackals
  4 frilled lizards
  6 kobolds
  2 rats
48 creatures vanquished.

Notes
Turn   | Place    | Note
-------+----------+-------------------------------------------
     0 | D:1      | Hubris850 the Draconian Earth Elementalist began the quest
                  | for the Orb.
     0 | D:1      | Reached XP level 1. HP: 14/14 MP: 3/3
   204 | D:1      | Reached XP level 2. HP: 20/20 MP: 3/5
   794 | D:1      | Reached XP level 3. HP: 26/26 MP: 4/6
  1262 | D:2      | Reached XP level 4. HP: 33/33 MP: 1/7
  1714 | D:3      | Noticed Grinder
  1743 | D:3      | Slain by Grinder

Illustrated notes

Levels and vault maps discovered:
D:1:      minmay_arrival_nine_rooms, layout_loops_cross, serial_park_tiny_pond,
          hangedman_decor_growths
D:2:      layout_rooms
D:3:      layout_basic, mainiacjoe_overflow_six_doors_small, uniq_grinder,
          uniq_ijyb

Skill      XL: |  1  2  3 |
---------------+----------+-----
Stealth        | 2 |  2.0
Dodging        | 2 |  2.5
Transmutations | 2 |  2.2
Staves         | |  0.5
Spellcasting   | |  2.7
Earth Magic    | |  3.6

Action                     |  1- 3 |  4- 6 || total
---------------------------+-------+-------++-------
  Melee: Short sword       |    15 |       ||    15
         Tailslap          |     1 |       ||     1
         Quarterstaff      |       |    12 ||    12
   Cast: Sandblast         |    61 |    14 ||    75
    Use: Potion            |       |     2 ||     2
 Armour: Skin              |     9 |     8 ||    17
  Dodge: Dodged            |    25 |    17 ||    42

Table legend: (Time is in decaauts)
 A = Elapsed time spent in this place.
 B = Non-inter-level travel time spent in this place.
 C = Inter-level travel time spent in this place.
 D = Time resting spent in this place.
 E = Time spent auto-exploring this place.
 F = Levels seen in this place.
 G = Mean time per level.
                   A        B        C        D        E       F      G
               +--------+--------+--------+--------+--------+-----+--------+
         Total |   1782 |   1737 |     45 |     92 |   1322 |   3 |  594.0 |
       Dungeon |   1782 |   1737 |     45 |     92 |   1322 |   3 |  594.0 |
               +--------+--------+--------+--------+--------+-----+--------+

Top non-repeatable levels by time:
     D:1: 986 daAuts
     D:2: 693 daAuts
     D:3: 102 daAuts
